 Dungeon Crawl Stone Soup version 0.22.1-1-ga44c0e56f4 (webtiles) character file.

341 Morrissey the Poker (level 6, -2/56 HPs)
             Began as a Minotaur Fighter on Oct 29, 2018.
             Slain by Grinder (4 damage)
             ... while paralysed by Grinder
             ... on level 4 of the Dungeon.
             The game lasted 00:02:38 (2190 turns).

Morrissey the Poker (Minotaur Fighter)              Turns: 2190, Time: 00:02:39

Health: -2/56      AC: 12    Str: 25    XL:     6   Next: 30%
Magic:  5/5        EV:  2    Int:  5    God:
Gold:   169        SH:  0    Dex: 12    Spells: 5/5 levels left

rFire    . . .     SeeInvis .   a - +0 trident
rCold    . . .     Gourm    .   c - +0 shield
rNeg     . . .     Faith    .   j - +0 plate armour
rPois    .         Spirit   .   (helmet restricted)
rElec    .         Reflect  .   (no cloak)
rCorr    .         Harm     .   (no gloves)
MR       .....                  (no boots)
Stlth    ..........             (no amulet)
HPRegen  0.18/turn              (no ring)
MPRegen  0.09/turn              (no ring)

@: paralysed, mighty
A: retaliatory headbutt, horns 2
a: no special abilities


You were on level 4 of the Dungeon.
You were not hungry.

You visited 1 branch of the dungeon, and saw 4 of its levels.

You collected 169 gold pieces.

Inventory:

Hand Weapons
 a - a +0 trident (weapon)
Armour
 c - a +0 shield (worn)
 j - a +0 plate armour (worn)
Wands
 n - a wand of random effects (17)
Scrolls
 e - 6 scrolls of identify {unknown}
 h - a scroll of immolation {unknown}
 k - a scroll of fog {unknown}
 l - a scroll of noise {unknown}
 m - 2 scrolls of amnesia {unknown}
Potions
 d - a potion of might
 g - a potion of heal wounds {unknown}
 i - a potion of brilliance {unknown}
Comestibles
 f - 5 rations
 o - 2 chunks of flesh


   Skills:
 + Level 5.1 Fighting
 * Level 5.3 Polearms
 + Level 5.0 Armour
 + Level 5.0 Shields


You had 5 spell levels left.
You didn't know any spells.
Your spell library was empty.

Dungeon Overview and Level Annotations

Branches:
Dungeon (4/15)
 Temple: D:4-7

Altars:
Cheibriados
The Shining One

Annotations:
D:4 Grinder


Innate Abilities, Weirdness & Mutations

You reflexively headbutt those who attack you in melee.
You have a pair of horns on your head.


Message History

You writhe in agony.
* * * LOW HITPOINT WARNING * * *
Grinder gestures at you. Pain shoots through your body!
* * * LOW HITPOINT WARNING * * *
Grinder hits you but does no damage.
You can move again.
It was a potion of curing.
You feel better. Grinder barely misses you.
You feel very mighty all of a sudden. Grinder gestures at you.
You suddenly lose the ability to move!
Grinder hits you but does no damage. Grinder hits you.
* * * LOW HITPOINT WARNING * * *
You writhe in agony.
* * * LOW HITPOINT WARNING * * *
Grinder hits you.
* * * LOW HITPOINT WARNING * * *
You writhe in agony.
You die...

#........ #..# #.......
#.....##. ##..# #.......
#####..####...# #.......
#........######......<
#...........?#
###............#
...............#
...............#
....$..@5..?...#
......†.#'##############
#########.............#.
#....# #.............#.
#....# #...............
#....# #...............
#....# #...............
#....####...............
#.......................


You could see Grinder.

Vanquished Creatures
  A phantom (D:4)
  A scorpion (D:4)
  An orc priest (D:3)
  Jessica (D:3)
  3 adders
  3 oozes
  An adder skeleton (D:4)
  5 worms
  2 dart slugs
  2 leopard geckos (D:1)
  6 orcs (D:3)
  A giant cockroach (D:1)
  10 goblins
  6 hobgoblins
  9 jackals
  2 quokkas (D:2)
  8 bats
  6 frilled lizards
  5 kobolds
  7 rats
80 creatures vanquished.

Notes
Turn   | Place    | Note
-------+----------+-------------------------------------------
     0 | D:1      | Morrissey the Minotaur Fighter began the quest for the Orb.
     0 | D:1      | Reached XP level 1. HP: 19/19 MP: 0/0
    29 | D:1      | Reached XP level 2. HP: 22/27 MP: 1/1
   191 | D:1      | Reached XP level 3. HP: 33/33 MP: 2/2
   899 | D:2      | Reached XP level 4. HP: 36/40 MP: 3/3
  1436 | D:3      | Reached XP level 5. HP: 23/47 MP: 4/4
  1548 | D:3      | Found a snail-covered altar of Cheibriados.
  1616 | D:3      | Noticed Jessica
  1621 | D:3      | Killed Jessica
  1692 | D:3      | Found a glowing golden altar of the Shining One.
  1944 | D:4      | Noticed a phantom
  1966 | D:4      | Killed a phantom
  1966 | D:4      | Reached skill level 5 in Polearms
  1966 | D:4      | Reached XP level 6. HP: 46/55 MP: 5/5
  2061 | D:4      | Reached skill level 5 in Fighting
  2165 | D:4      | Noticed Grinder
  2177 | D:4      | Reached skill level 5 in Armour
  2177 | D:4      | Reached skill level 5 in Shields
  2179 | D:4      | Paralysed by Grinder for 7 turns
  2187 | D:4      | Paralysed by Grinder for 4 turns
  2190 | D:4      | HP: 2/56 [Grinder (5)]
  2190 | D:4      | Slain by Grinder

Skill      XL: |  1  2  3  4  5  6 |
---------------+-------------------+-----
Polearms       | 3 4 5 |  5.3
Fighting       | 4 5 |  5.1
Armour         | 4 5 |  5.0
Shields        | 4 5 |  5.0

Action                   |  1- 3 |  4- 6 || total
-------------------------+-------+-------++-------
Melee: Trident           |   112 |   116 ||   228
       Headbutt          |    12 |    14 ||    26
  Use: Potion            |       |     2 ||     2
  Eat: Chunk             |       |     4 ||     4
Armor: Scale mail        |    36 |       ||    36
       Plate armour      |     6 |    47 ||    53
Dodge: Dodged            |    25 |    19 ||    44
Block: Shield            |    49 |    50 ||    99
